 Dungeon Crawl Stone Soup version 0.28.0-53-g5a82cb258f (webtiles) character file.

Game seed: 6808696249602031663

485 dranuc9 the Conjurer (level 6, 0/32 HPs)
             Began as a Deep Elf Conjurer on June 29, 2022.
             Slain by Edmund
             ... wielding a +0 flail of holy wrath
              (11 damage)
             ... on level 4 of the Dungeon.
             The game lasted 00:22:02 (4142 turns).

dranuc9 the Conjurer (Deep Elf Conjurer)            Turns: 4142, Time: 00:22:03

Health: 0/32       AC:  2    Str:  4    XL:     6   Next: 88%
Magic:  6/17       EV: 12    Int: 25    God:
Gold:   192        SH:  0    Dex: 13    Spells: 14/17 levels left

rFire   . . .      SeeInvis .   (no weapon)
rCold   . . .      Faith    .   (no shield)
rNeg    . . .      Spirit   .   a - +0 robe
rPois   .          Reflect  .   (no helmet)
rElec   .          Harm     .   (no cloak)
rCorr   .          Rampage  .   (no gloves)
Will    .....                   (no boots)
Stlth   ++........              (no amulet)
HPRegen 0.10/turn               (no ring)
MPRegen 0.15/turn               (no ring)

@: no status effects
A: no striking features
a: no special abilities


You were on level 4 of the Dungeon.
You visited 1 branch of the dungeon, and saw 4 of its levels.

You collected 192 gold pieces.

Inventory:

Missiles
 b - 71 arrows
 h - a throwing net
Armour
 a - a +0 robe (worn)
Wands
 l - a wand of paralysis (7)
Scrolls
 c - a scroll of blinking {unknown}
 d - a scroll of teleportation {unknown}
 e - 3 scrolls of identify {unknown}
 m - a scroll of fog {unknown}
Potions
 f - a potion of haste {unknown}
 g - a potion of berserk rage {unknown}
 i - a potion of curing
 j - a potion of brilliance {unknown}
 k - a potion of resistance {unknown}


   Skills:
 + Level 0.1 Fighting
 * Level 0.7 Bows
 * Level 2.9 Dodging
 + Level 3.7 Stealth
 * Level 6.0 Spellcasting
 * Level 6.6 Conjurations
 * Level 0.7 Hexes
 * Level 1.1 Necromancy
 * Level 0.5 Fire Magic
 * Level 1.9 Evocations


You had 14 spell levels left.
You knew the following spells:

 Your Spells              Type           Power      Damage    Failure   Level
a - Magic Dart            Conj           100%       1d8       1%          1
b - Searing Ray           Conj           80%        2d7       1%          2

Your spell library contained the following spells:

 Spells                   Type           Power      Damage    Failure   Level
 Dazzling Flash           Conj/Hex       52%        N/A       4%          3
 Ensorcelled Hibernation  Hex/Ice        18%        N/A       10%         2
 Passwall                 Tmut/Erth      5%         N/A       11%         2
 Fulminant Prism          Conj/Hex       13%        3d9       16%         4
 Iskenderun's Mystic Bla  Conj/Tloc      24%        2d7       19%         4
 Swiftness                Air            7%         N/A       22%         3


Dungeon Overview and Level Annotations

Branches:
Dungeon (4/15)
 Temple: D:4-7

Altars:
Cheibriados

Annotations:
D:4 Edmund


Message History

Edmund is heavily wounded. (Press . to maintain the ray.) Edmund asks, "Have you met my wondrous brother?"
The searing ray hits Edmund but does no damage.
Edmund is heavily wounded.
The searing ray hits Edmund.
Edmund is heavily wounded.
The searing ray hits Edmund!
Edmund is severely wounded.
You finish channelling your searing ray.
Edmund drinks a potion.
Edmund is healed!
Casting: Searing Ray (safe; 1% risk of failure)
Confirm with . or Enter, or press ? or * to list all spells.
Aiming: Searing Ray (safe; 1% risk of failure)
Press: ? - help, Shift-Dir - straight line, f/p - Edmund
Aim: Edmund, wielding a +0 flail of holy wrath and wearing a +2 leather armour of fire resistance (heavily wounded, 82% to hit)
The searing ray hits Edmund.
Edmund is heavily wounded. (Press . to maintain the ray.) Edmund hits you with a +0 flail of holy wrath!
The searing ray hits Edmund.
Edmund is severely wounded.
Edmund hits you with a +0 flail of holy wrath!
The searing ray hits Edmund!
Edmund is severely wounded.
Edmund barely misses you.
The searing ray hits Edmund.
Edmund is almost dead.
You finish channelling your searing ray.
Edmund hits you with a +0 flail of holy wrath!
* * * LOW HITPOINT WARNING * * *
Aiming: Paralyse
Press: ? - help, Q - select action, (/) - cycle Shift-Dir - straight line, f/p - Edmund
Aim: Edmund, wielding a +0 flail of holy wrath and wearing a +2 leather armour of fire resistance (almost dead, chance to affect: 53%) Edmund resists with significant effort.
Edmund hits you with a +0 flail of holy wrath!
* * * LOW HITPOINT WARNING * * *
You feel better.
Edmund hits you with a +0 flail of holy wrath!
You die...

..................##########.# #
...................# #.# #
..........)........#########.####
.................................
...................#########.....
...................(########.##.#
.............................##.#
....................###########.#
................@@..# #.#
....................# #.#
.........(.........>.... ..#
....................#... ###
....................# .. ####
................... . ....
.............##.### ####
...........## .#


You could see Edmund.

Vanquished Creatures
  Eustachio (D:4)
  A phantom (D:4)
  A bullfrog skeleton (D:3)
  A jelly (D:4)
  Natasha (twice) (D:2)
  Ijyb (D:3)
  An iguana (D:4)
  A killer bee zombie (D:3)
  3 adders
  An adder skeleton (D:4)
  3 worms (D:2)
  A dart slug (D:1)
  4 orcs (D:3)
  3 ball pythons
  2 bats (D:1)
  4 endoplasms
  3 giant cockroaches
  4 goblins
  4 hobgoblins
  2 jackals (D:1)
  4 quokkas
  7 frilled lizards
  5 kobolds
  4 rats
63 creatures vanquished.

Vanquished Creatures (others)
  A plant (D:4)
1 creature vanquished.

Grand Total: 64 creatures vanquished

Notes
Turn   | Place    | Note
-------+----------+-------------------------------------------
     0 | D:1      | dranuc9 the Deep Elf Conjurer began the quest for the Orb.
     0 | D:1      | Reached XP level 1. HP: 10/10 MP: 6/6
   185 | D:1      | Reached XP level 2. HP: 15/15 MP: 6/8
   188 | D:1      | Learned a level 2 spell: Searing Ray
   336 | D:1      | Reached skill level 5 in Conjurations
   821 | D:1      | Reached XP level 3. HP: 19/19 MP: 6/9
  1712 | D:2      | Noticed Natasha
  1722 | D:2      | Killed Natasha
  1723 | D:2      | Reached XP level 4. HP: 18/24 MP: 5/11
  1753 | D:2      | Noticed Natasha
  1760 | D:2      | Killed Natasha
  2365 | D:3      | Reached XP level 5. HP: 14/28 MP: 7/13
  2803 | D:3      | Found a snail-covered altar of Cheibriados.
  2906 | D:3      | Noticed Ijyb
  3188 | D:3      | Killed Ijyb
  3773 | D:4      | Noticed a phantom
  3779 | D:4      | Killed a phantom
  3780 | D:4      | Reached skill level 5 in Spellcasting
  3780 | D:4      | Reached skill level 1 in Evocations
  3780 | D:4      | Reached XP level 6. HP: 32/32 MP: 8/16
  4020 | D:4      | Noticed Eustachio
  4036 | D:4      | Killed Eustachio
  4037 | D:4      | Reached skill level 1 in Necromancy
  4130 | D:4      | Noticed Edmund
  4141 | D:4      | HP: 1/32 [Edmund/+0 flail of holy wrath (7)]
  4142 | D:4      | Slain by Edmund

Illustrated notes

Levels and vault maps discovered:
D:1:      giann_wishing_wells, layout_loops_corners
D:2:      layout_basic, minmay_split_cup_large, uniq_natasha
D:3:      layout_loops_ring, cheibriados_altar_1, uniq_ijyb
D:4:      layout_basic, grunt_temple_overflow_growth_and_decay, serial_shops,
          shop_fountains, serial_bayou_pond_a, uniq_edmund, uniq_duvessa,
          uniq_eustachio

Skill      XL: |  1  2  3  4  5  6 |
---------------+-------------------+-----
Conjurations   | 5 6 |  6.6
Stealth        | 3 |  3.7
Spellcasting   | 4 5 6 |  6.0
Evocations     | 1 |  1.9
Necromancy     | 1 |  1.1
Fighting       | |  0.1
Bows           | |  0.7
Dodging        | |  2.9
Hexes          | |  0.7
Fire Magic     | |  0.5

Action                   |  1- 3 |  4- 6 || total
-------------------------+-------+-------++-------
 Cast: Magic Dart        |    56 |    45 ||   101
       Searing Ray       |     9 |    21 ||    30
Evoke: Wand              |       |     3 ||     3
  Use: Potion            |       |     1 ||     1
Armor: Robe              |     2 |     3 ||     5
Dodge: Dodged            |     3 |    14 ||    17
